 Dungeon Crawl Stone Soup version 0.30-a0-956-gcec3b41aec (webtiles) character file.

Game seed: 9407467442421437762

209 qeuew the Slasher (level 5, -3/41 HPs)
             Began as a Demonspawn Gladiator on Mar 29, 2023.
             Slain by an iguana (12 damage)
             ... on level 4 of the Dungeon.
             The game lasted 00:03:04 (2336 turns).

qeuew the Slasher (Demonspawn Gladiator)            Turns: 2336, Time: 00:03:04

Health: -3/41      AC:  5    Str: 14    XL:     5   Next: 55%
Magic:  5/5        EV: 13    Int:  9    God:
Gold:   109        SH:  4    Dex: 17    Spells: 4/4 levels left

rFire   . . .      SeeInvis .    a - +0 long sword
rCold   . . .      Faith    .    (no shield)
rNeg    . . .      Spirit   .    b - +0 leather armour
rPois   .          Reflect  .    (helmet restricted)
rElec   .          Rampage  .    (no cloak)
rCorr   .                        (no gloves)
Will    .....                    (no boots)
Stlth   +                        (no amulet)
HPRegen 0.26/turn                (no ring)
MPRegen 0.09/turn                (no ring)

@: lethally poisoned (-3 -> -6)
A: horns 1, yellow scales 1, condensation shield
a: no special abilities


You were on level 4 of the Dungeon.
You visited 1 branch of the dungeon, and saw 4 of its levels.

You collected 109 gold pieces.

Inventory:

Hand Weapons
 a - a +0 long sword (weapon)
Missiles
 d - 3 throwing nets (quivered)
 e - a javelin
Armour
 b - a +0 leather armour (worn)
 c - a +0 helmet
Wands
 h - a wand of polymorph (5)
 k - a wand of flame (10)
Potions
 g - 2 potions of curing
 j - a potion of brilliance


   Skills:
 + Level 3.0 Fighting
 + Level 3.5 Long Blades
 + Level 2.8 Throwing
 + Level 2.0 Armour
 + Level 3.5 Dodging


You had 4 spell levels left.
You didn't know any spells.
Your spell library contained the following spells:

 Spells                   Type           Power      Damage    Failure   Level
 Dazzling Flash           Conj/Hex       0%         N/A       83%         3
 Ozocubu's Armour         Ice            0%         N/A       83%         3
 Portal Projectile        Hex/Tloc       0%         N/A       83%         3
 Animate Armour           Summ/Erth      0%         N/A       99%         4
 Metabolic Englaciation   Hex/Ice        0%         N/A       100%        5
 Simulacrum               Ice/Necr       0%         N/A       100%        6


Dungeon Overview and Level Annotations

Branches:
Dungeon (4/15)
 Temple: D:4-7

Altars:
Nemelex Xobeh


Innate Abilities, Weirdness & Mutations

You have a pair of small horns on your head.
You are partially covered in yellow scales. (AC +2)
A meltable shield of frost defends you. (SH +4)


Message History

You slash the scorpion!
The scorpion is heavily wounded.
You feel sick. The scorpion stings you!
You are more poisoned.
The scorpion poisons you! The scorpion misses you.
You slash the scorpion!
You kill the scorpion!
You feel very sick.
The iguana hisses angrily.
Your Fighting skill increases to level 3!
Your Armour skill increases to level 2!
You are too injured to fight recklessly!
You are too injured to fight recklessly!
You are too injured to fight recklessly!
You are too injured to fight recklessly!
You are too injured to fight recklessly!
You are too injured to fight recklessly!
You are too injured to fight recklessly!
You are too injured to fight recklessly!
You are too injured to fight recklessly!
You are too injured to fight recklessly!
You are too injured to fight recklessly!
You are too injured to fight recklessly!
You are too injured to fight recklessly!
You are too injured to fight recklessly!
You are too injured to fight recklessly!
You are too injured to fight recklessly!
You are too injured to fight recklessly!
Unknown command.
Unknown command.
You feel very sick.
You feel very sick.
You feel sick.
You slash the iguana!
The iguana is heavily wounded.
You feel sick. The iguana closely misses you.
You hit the iguana but do no damage. You headbutt the iguana.
The iguana is heavily wounded.
You feel sick. The iguana misses you. The iguana bites you!
You die...

.#...#.####.#.....#
...............#.#.#
..#.....#.##.#.#...#
..##..#.<..........#
.........###.#.##.###
##....... #........#
.........####.##.#.#
###.#.#..........#.####
......#####.#@.......#
# #l........ .......#.#
........# ...........
#......#..#.#
#.....#...#.#
#.........#


You could see an iguana.

Vanquished Creatures
  A scorpion (D:4)
  Jessica (D:3)
  A gnoll (D:2)
  5 adders
  A worm (D:3)
  4 dart slugs
  3 orcs (D:3)
  3 ball pythons
  3 bats
  4 endoplasms
  4 giant cockroaches
  5 hobgoblins
  2 jackals (D:2)
  3 quokkas
  4 frilled lizards
  3 goblins
  9 kobolds
  4 rats
60 creatures vanquished.

Notes
Turn   | Place    | Note
-------+----------+-------------------------------------------
     0 | D:1      | qeuew the Demonspawn Gladiator began the quest for the Orb.
     0 | D:1      | Reached XP level 1. HP: 16/16 MP: 1/1
   249 | D:1      | Gained mutation: A meltable shield of frost defends you.
                  | (SH +4) [demonic ancestry]
   249 | D:1      | Reached XP level 2. HP: 22/22 MP: 2/2
   536 | D:1      | Got Fitol's Compilation of Malisons and Company
   897 | D:2      | Reached XP level 3. HP: 28/28 MP: 3/3
  1034 | D:2      | Reached skill level 1 in Armour
  1218 | D:2      | Gained mutation: You have a pair of small horns on your
                  | head. [demonic ancestry]
  1218 | D:2      | Reached XP level 4. HP: 34/34 MP: 4/4
  1806 | D:3      | Found a sparkling altar of Nemelex Xobeh.
  1938 | D:3      | Noticed Jessica
  1949 | D:3      | Killed Jessica
  1950 | D:3      | Gained mutation: You are partially covered in yellow
                  | scales. (AC +2) [demonic ancestry]
  1950 | D:3      | Reached XP level 5. HP: 28/40 MP: 5/5
  2336 | D:4      | Slain by an iguana

Illustrated notes

Levels and vault maps discovered:
D:1:      heliophobic_arrival_enchanted_forest, layout_basic
D:2:      minmay_diamond_boxcup, layout_loops_cross, cheibrodos_gnoll_hut
D:3:      layout_rooms, nemelex_xobeh_ov_fountains_minmay, nicolae_eternal_life,
          dreamdust_princess_corridor, uniq_jessica
D:4:      layout_basic, hangedman_decor_riveting

Skill      XL: |  1  2  3  4  5 |
---------------+----------------+-----
Throwing       | 2 |  2.8
Dodging        | 3 |  3.5
Long Blades    | 3 |  3.5
Armour         | 1 2 |  2.0
Fighting       | 3 |  3.0

Action                     |  1- 3 |  4- 6 || total
---------------------------+-------+-------++-------
  Melee: Long sword        |   101 |    68 ||   169
         Punch             |     1 |       ||     1
         Headbutt          |       |    13 ||    13
    Use: Scroll            |     2 |     3 ||     5
         Potion            |       |     3 ||     3
 Armour: Leather armour    |    42 |     9 ||    51
  Dodge: Dodged            |    77 |    43 ||   120
  Block: Other             |    16 |     7 ||    23

Table legend: (Time is in decaauts)
 A = Elapsed time spent in this place.
 B = Non-inter-level travel time spent in this place.
 C = Inter-level travel time spent in this place.
 D = Time resting spent in this place.
 E = Time spent auto-exploring this place.
 F = Levels seen in this place.
 G = Mean time per level.
                   A        B        C        D        E       F      G
               +--------+--------+--------+--------+--------+-----+--------+
         Total |   2377 |   2318 |     59 |     38 |   1877 |   4 |  594.2 |
       Dungeon |   2377 |   2318 |     59 |     38 |   1877 |   4 |  594.2 |
               +--------+--------+--------+--------+--------+-----+--------+

Top non-repeatable levels by time:
     D:2: 919 daAuts
     D:1: 777 daAuts
     D:3: 639 daAuts
     D:4: 41 daAuts
